 Dungeon Sprint DCSS version 0.20.1-1-g8b1a95d (console) character file.

1272 hilaritas the Grappler (level 8, -13/79 HPs)
             Began as a Troll Fighter on Aug 23, 2017.
             Was a Follower of Uskayaw.
             Mangled by Snorg (27 damage)
             ... in the Dungeon (Sprint III: "The Ten Rune Challenge").
             The game lasted 00:03:05 (546 turns).

hilaritas the Grappler (Troll Fighter)               Turns: 546, Time: 00:03:06

Health: -13/79     AC:  5    Str: 25    XL:     8   Next: 28%
Magic:  5/8        EV: 11    Int:  6    God:    Uskayaw [*.....]
Gold:   32         SH: 11    Dex:  9    Spells: 7/7 levels left

rFire    . . .     SeeInvis .     - Unarmed
rCold    . . .     Gourm    +   b - +0 shield
rNeg     . . .     Faith    .   a - +0 robe
rPois    .         Spirit   .   (helmet restricted)
rElec    .         Reflect  .   (no cloak)
rCorr    .         Harm     .   (gloves unavailable)
MR       .....     NoTele   +   (boots unavailable)
Stlth    +.........             (no amulet)
Regen    0.7/turn               (no ring)
MPRegen  0.2/turn               (no ring)

@: no status effects
A: unfitting armour, claws 3, fast metabolism 3, gourmand, regeneration 1,
shaggy fur 1, tough skin 2
a: Stomp, Renounce Religion


You were in the Dungeon.
You worshipped Uskayaw.
Uskayaw was noncommittal.
You were very full.

You visited 1 branch You collected 32 gold pieces.

Inventory:

Armour
 a - a +0 robe (worn)
 b - a +0 shield (worn)
Scrolls
 j - a scroll of blinking
 k - 4 scrolls of identify {unknown}
 l - 2 scrolls of torment {unknown}
 n - 2 scrolls of remove curse
Potions
 c - a potion of might
 e - a potion of curing
 g - a potion of haste
 h - 2 potions of magic
 m - 2 potions of flight {unknown}
 p - 7 potions of mutation
Books
 i - a book of the Earth

   Spells                             Type                      Level
   a - Leda's Liquefaction            Hexes/Earth                  4
   b - Bolt of Magma                  Conjuration/Fire/Earth       5
   c - Statue Form                    Transmutation/Earth          6
   d - Iron Shot                      Conjuration/Earth            6
   e - Shatter                        Earth                        9
 q - a book of Misfortune

   Spells                             Type                      Level
   a - Confusing Touch                Hexes                        1
   b - Confuse                        Hexes                        3
   c - Gell's Gravitas                Translocation                3
   d - Petrify                        Transmutation/Earth          4
   e - Metabolic Englaciation         Hexes/Ice                    5
   f - Yara's Violent Unravelling     Hexes/Transmutation          5
Miscellaneous
 t - a box of beasts
Comestibles
 d - 3 bread rations
 o - a meat ration
 r - a chunk of flesh
 s - a royal jelly


   Skills:
 * Level 4.3 Fighting
 * Level 3.2 Armour
 * Level 5.3 Dodging
 + Level 9.6 Shields
 - Level 12.0 Unarmed Combat
 * Level 2.1 Invocations


You had 7 spell levels left.
You didn't know any spells.

Dungeon Overview and Level Annotations

Branches:
Dungeon (1/1)

Altars:
Cheibriados
Dithmenos
Elyvilon
Fedhas
Gozag
Hepliaklqana
Kikubaaqudgha
Makhleb
Nemelex Xobeh
Okawaru
Qazlal
Ru
Sif Muna
Trog
Uskayaw
Vehumet
Xom
Yredelemnul
Zin
The Shining One
Beogh
Jiyva
Lugonu

Annotations:
D Snorg


Innate Abilities, Weirdness & Mutations

You are too large for most types of armour.
You have claws for hands.
Your metabolism is lightning-fast.
You like to eat raw meat.
Your natural rate of healing is unusually fast.
You are covered in fur. (AC +1)
You have very tough skin. (AC +2)


Message History

Snorg bites you! You block Snorg's attack. Snorg claws you!
You block Snorg's attack. x2; Snorg claws you!
You scratch Snorg but do no damage.
Snorg is moderately wounded.
Snorg barely misses you. Snorg claws you!
* * * LOW HITPOINT WARNING * * *
You block Snorg's attack.
You claw Snorg!
Snorg is moderately wounded.
You block Snorg's attack. Snorg barely misses you. x2
You can now stomp with the beat.
You feel much better. Snorg bites you! Snorg claws you but does no damage. x2
You mangle Snorg!!
Snorg is heavily wounded.
Snorg bites you but does no damage. Snorg claws you. Snorg claws you!
* * * LOW HITPOINT WARNING * * *
You scratch Snorg.
Snorg is heavily wounded.
Snorg bites you!!
You die...

###'#)###)##
#..........#
'.⌠........#
#...######'#
#.⌠.#__#...#+#####
#...#__#...#..§§≈+
#)###__#...#.#§§≈#
#...#__#...'.#§T§#
#___#__'...#.#§§@#
▓▓▓▓▓▓▓▓▓▓▓▓▓▓▓▓▓▓


You could see Snorg (berserk).

Vanquished Creatures
  A deep elf mage (D)
  A shadow (D)
  A spatial vortex (D)
  A necrophage (D)
  A water elemental (D)
  A scorpion (D)
  A jelly (D)
  A wizard (D)
  Jessica (D)
  A necromancer (D)
  3 humans (D)
  A kobold demonologist (D)
  An ooze (D)
  2 rats (D)
17 creatures vanquished.

Vanquished Creatures (others)
  2 draconian scorchers (D)
  6 hellions (D)
  A yaktaur (D)
  An electric eel (D)
10 creatures vanquished.

Grand Total: 27 creatures vanquished

Notes
Turn   | Place    | Note
-------+----------+-------------------------------------------
     0 | D        | hilaritas the Troll Fighter began the quest for the Orb.
     0 | D        | Reached XP level 1. HP: 22/22 MP: 0/0
    16 | D        | Reached skill level 3 in Unarmed Combat
    52 | D        | Noticed Jessica
    55 | D        | Killed Jessica
    55 | D        | Reached skill level 4 in Unarmed Combat
    55 | D        | Reached XP level 2. HP: 29/29 MP: 1/1
    55 | D        | Reached XP level 3. HP: 36/36 MP: 2/2
    66 | D        | Noticed a scorpion
    74 | D        | Reached skill level 5 in Unarmed Combat
    78 | D        | Killed a scorpion
    78 | D        | Reached skill level 5 in Shields
    78 | D        | Reached skill level 6 in Unarmed Combat
    78 | D        | Reached XP level 4. HP: 17/44 MP: 3/3
   102 | D        | Killed a hellion
   112 | D        | Killed a hellion
   113 | D        | Killed a hellion
   114 | D        | Killed a hellion
   116 | D        | Killed a yaktaur
   169 | D        | Killed a hellion
   169 | D        | Killed a hellion
   181 | D        | Noticed a water elemental
   184 | D        | Killed a water elemental
   184 | D        | Reached skill level 8 in Unarmed Combat
   184 | D        | Reached XP level 5. HP: 50/50 MP: 4/4
   187 | D        | Killed a white draconian scorcher
   188 | D        | Found a glowing silver altar of Zin.
   189 | D        | Found a glowing golden altar of the Shining One.
   189 | D        | Found a white marble altar of Elyvilon.
   189 | D        | Noticed a deep elf mage
   194 | D        | Killed a white draconian scorcher
   196 | D        | Killed a deep elf mage
   196 | D        | Reached skill level 11 in Unarmed Combat
   196 | D        | Reached XP level 6. HP: 29/59 MP: 5/5
   196 | D        | Reached XP level 7. HP: 33/66 MP: 6/6
   250 | D        | Found a radiant altar of Vehumet.
   251 | D        | Found a deep blue altar of Sif Muna.
   251 | D        | Found an ancient bone altar of Kikubaaqudgha.
   253 | D        | Reached skill level 12 in Unarmed Combat
   261 | D        | Noticed a hellwing
   313 | D        | Found a roughly hewn altar of Beogh.
   313 | D        | Found an iron altar of Okawaru.
   313 | D        | Found a bloodstained altar of Trog.
   313 | D        | Found a hide-covered altar of Uskayaw.
   313 | D        | Noticed a human
   314 | D        | Noticed a human
   328 | D        | Killed a human
   328 | D        | Reached skill level 1 in Armour
   335 | D        | Killed a human
   344 | D        | Became a worshipper of Uskayaw the Reveler
   403 | D        | Found a basalt altar of Yredelemnul.
   403 | D        | Found a shadowy altar of Dithmenos.
   403 | D        | Found a sacrificial altar of Ru.
   407 | D        | Reached * piety under Uskayaw
   418 | D        | Reached skill level 1 in Invocations
   418 | D        | Reached ** piety under Uskayaw
   494 | D        | Noticed a shadow
   498 | D        | Killed a shadow
   498 | D        | Reached skill level 5 in Dodging
   498 | D        | Reached XP level 8. HP: 77/77 MP: 6/8
   500 | D        | Reached *** piety under Uskayaw
   509 | D        | Found a blossoming altar of Fedhas.
   509 | D        | Found a stormy altar of Qazlal.
   509 | D        | Found a snail-covered altar of Cheibriados.
   509 | D        | Found a burning altar of Makhleb.
   509 | D        | Found a shimmering altar of Xom.
   510 | D        | Found a hazy altar of Hepliaklqana.
   510 | D        | Found an opulent altar of Gozag.
   510 | D        | Found a sparkling altar of Nemelex Xobeh.
   510 | D        | Found a corrupted altar of Lugonu.
   510 | D        | Found a viscous altar of Jiyva.
   534 | D        | Noticed Snorg
   546 | D        | Mangled by Snorg

Skill      XL: |  1  2  3  4  5  6  7  8 |
---------------+-------------------------+-----
Shields        | 4 5 6 8 9 |  9.6
Unarmed Combat | 4 6 8 11 12 | 12.0
Fighting       | 4 |  4.3
Armour         | 2 3 |  3.2
Dodging        | 5 |  5.3
Invocations    | 1 2 |  2.1

Action                   |  1- 3 |  4- 6 |  7- 9 || total
-------------------------+-------+-------+-------++-------
Melee: Unarmed           |    24 |     9 |    61 ||    94
Invok: Stomp             |       |       |     1 ||     1
  Use: Potion            |       |     1 |     2 ||     3
  Eat: Chunk             |     1 |     4 |     5 ||    10
Armor: Robe              |     2 |       |    17 ||    19
Dodge: Dodged            |     3 |     1 |    29 ||    33
Block: Shield            |     8 |       |    40 ||    48
